 Dungeon Crawl Stone Soup version 0.27.1-2-g3b301248ec (webtiles) character file.

Game seed: 10647430068587882039

318 Metae the Covered (level 6, 0/56 HPs)
             Began as a Minotaur Fighter on Sept 27, 2021.
             Slain by an ogre (11 damage)
             ... on level 4 of the Dungeon.
             The game lasted 00:20:16 (3866 turns).

Metae the Covered (Minotaur Fighter)                Turns: 3866, Time: 00:20:23

Health: 0/56       AC: 12    Str: 23    XL:     6   Next: 21%
Magic:  5/5        EV:  6    Int:  5    God:
Gold:   182        SH: 12    Dex:  9    Spells: 5/5 levels left

rFire    . . .     SeeInvis .   a - +0 war axe
rCold    . . .     Faith    .   h - +2 kite shield
rNeg     . . .     Spirit   .   l - +0 chain mail
rPois    .         Reflect  .   (helmet restricted)
rElec    .         Harm     .   t - +1 cloak
rCorr    .         Rampage  .   (no gloves)
Will     .....                  (no boots)
Stlth    ..........             (no amulet)
HPRegen  0.18/turn              (no ring)
MPRegen  0.09/turn              (no ring)

@: no status effects
A: horns 2, retaliatory headbutt
a: no special abilities


You were on level 4 of the Dungeon.
You visited 1 branch of the dungeon, and saw 4 of its levels.

You collected 182 gold pieces.

Inventory:

Hand Weapons
 a - a +0 war axe (weapon)
Armour
 b - a +0 scale mail
 h - a +2 kite shield (worn)
 l - a +0 chain mail (worn)
 q - a +0 plate armour
 t - a +1 cloak (worn)
Scrolls
 e - a scroll of torment {unknown}
 f - a scroll of immolation {unknown}
 g - 2 scrolls of noise {unknown}
 i - 2 scrolls of fear {unknown}
 k - 2 scrolls of enchant armour {unknown}
 n - 2 scrolls of identify {unknown}
 p - a scroll of holy word {unknown}
 r - a scroll of teleportation {unknown}
Potions
 c - 2 potions of brilliance {unknown}
 d - a potion of might
 j - a potion of curing {unknown}
 m - a potion of magic {unknown}
 o - 2 potions of attraction {unknown}
 s - a potion of ambrosia {unknown}
 u - a potion of lignification {unknown}


   Skills:
 + Level 5.2 Fighting
 + Level 4.4 Axes
 + Level 5.2 Armour
 + Level 5.2 Shields


You had 5 spell levels left.
You didn't know any spells.
Your spell library was empty.

Dungeon Overview and Level Annotations

Branches:
Dungeon (4/15)
 Temple: D:4-7

Altars:
Hepliaklqana


Innate Abilities, Weirdness & Mutations

You have a pair of horns on your head.
You reflexively headbutt those who attack you in melee.


Message History

The killer bee is severely wounded.
You feel sick. You block the killer bee's attack. x2
The killer bee stings you.
You are more poisoned.
The killer bee poisons you!
You closely miss the killer bee. Your headbutt misses the killer bee.
The killer bee is severely wounded.
You feel very sick. The killer bee closely misses you. You furiously retaliate!
You headbutt the killer bee!
You kill the killer bee!
You block the hobgoblin's attack.
You closely miss the hobgoblin.
You feel very sick. The hobgoblin completely misses you.
You slash the hobgoblin!
You kill the hobgoblin!
You feel very sick. The endoplasm freezes you.
You are frozen.
You slash the endoplasm!
You kill the endoplasm!
You feel sick.
The kobold unwields a +0 dagger.
The kobold wields a +0 hand crossbow.
The kobold shoots a bolt.
The bolt hits you.
You hit the ogre. You headbutt the ogre!
The ogre is moderately wounded.
You feel sick. The ogre hits you with a +0 giant club!
* * * LOW HITPOINT WARNING * * *
You slash the ogre!
The ogre is almost dead.
You feel sick. You block the ogre's attack.
You hit the ogre.
The ogre is almost dead.
You feel sick.
You are no longer poisoned.
The ogre hits you with a +0 giant club.
* * * LOW HITPOINT WARNING * * *
The ogre hits you with a +0 giant club!
You die...

...#
#....#......#
#### ...#
##...#......#
..# ...##
#...#.#..#.#Og.#
....#
##..#......#SJ
....#
#..##'######
..### #.†...#.
.## #.#.#.# # .#
#.....#S##.# .#
#.#.#@OKw..# .#
#.....###### .#
####### . .


You could see an ogre, an adder, a dart slug and a kobold.

Vanquished Creatures
  A killer bee (D:4)
  A jelly (D:3)
  Jessica (D:2)
  2 orc wizards
  6 adders
  An adder skeleton (D:4)
  2 worms (D:3)
  3 dart slugs
  8 orcs
  8 endoplasms
  3 giant cockroaches
  7 hobgoblins
  3 kobolds
  6 quokkas
  6 ball pythons
  4 bats (D:1)
  3 frilled lizards
  13 goblins
  A rat (D:3)
79 creatures vanquished.

Vanquished Creatures (others)
  An orc wizard (D:3)
  3 plants
4 creatures vanquished.

Grand Total: 83 creatures vanquished

Notes
Turn   | Place    | Note
-------+----------+-------------------------------------------
     0 | D:1      | Metae the Minotaur Fighter began the quest for the Orb.
     0 | D:1      | Reached XP level 1. HP: 19/19 MP: 0/0
   201 | D:1      | Reached XP level 2. HP: 18/27 MP: 1/1
  1254 | D:1      | Reached XP level 3. HP: 23/33 MP: 2/2
  1605 | D:2      | Found a faded altar of an unknown god.
  1702 | D:2      | Found a hazy altar of Hepliaklqana.
  1726 | D:2      | Reached XP level 4. HP: 41/41 MP: 3/3
  2149 | D:2      | Noticed Jessica
  2162 | D:2      | Killed Jessica
  2490 | D:3      | Reached XP level 5. HP: 45/47 MP: 4/4
  2735 | D:3      | Noticed a phantom
  3275 | D:3      | Reached skill level 5 in Armour
  3284 | D:3      | Reached skill level 5 in Fighting
  3284 | D:3      | Reached skill level 5 in Shields
  3804 | D:4      | Reached XP level 6. HP: 56/56 MP: 5/5
  3866 | D:4      | Slain by an ogre

Illustrated notes

Levels and vault maps discovered:
D:1:      denvon_arrival_planthouse, layout_basic
D:2:      layout_basic, shapermc_ecumenical_altar_ellora, basic_altar,
          minivault_19, uniq_jessica
D:3:      layout_basic, nrook_campfire, minmay_joined_circles
D:4:      minmay_clustersquares, layout_cave_pods,
          gammafunk_temple_overflow_claw, hangedman_decor_growths, minmay_cupped

Skill      XL: |  1  2  3  4  5 |
---------------+----------------+-----
Armour         | 4 5 |  5.2
Fighting       | 4 5 |  5.2
Shields        | 4 5 |  5.2
Axes           | 3 4 |  4.4

Action                   |  1- 3 |  4- 6 || total
-------------------------+-------+-------++-------
Melee: War axe           |    92 |   155 ||   247
       Headbutt          |    13 |    25 ||    38
Armor: Scale mail        |    47 |       ||    47
       Chain mail        |    11 |    89 ||   100
Dodge: Dodged            |    38 |    30 ||    68
Block: Kite shield       |    71 |   104 ||   175
